 Dungeon Crawl Stone Soup version 0.30.1-3-gfc49f6343a (webtiles) character file.

Game seed: 14304902769904132722

12667 Inchmeat the Brawler (level 11, -2/109 HPs)
             Began as a Troll Gladiator on July 18, 2023.
             Was a Follower of Ashenzari.
             Slain by a four-headed hydra (3 damage)
             ... on level 11 of the Dungeon.
             The game lasted 00:17:03 (9943 turns).

Inchmeat the Brawler (Troll Gladiator)              Turns: 9943, Time: 00:17:04

Health: -2/109     AC: 10    Str: 34    XL:     11   Next: 65%
Magic:  10/10      EV: 10    Int:  4    God:    Ashenzari [*.....]
Gold:   637        SH:  0    Dex: 11    Spells: 10/10 levels left

rFire   . .          .
                       - Unarmed
rCold   . . .        (no shield)
rNeg    . . .        D - +2 steam dragon scales "Bound Altruism" {Self, Elem} (curse)
rPois   .            b - +1 hat
rElec   .            (no cloak)
rCorr   .            (gloves unavailable)
SInv    .            (boots unavailable)
Will    .....        p - amulet of Apeoromancy {Acrobat, Self, Range} (curse)
Stlth   +            k - +6 ring of strength
HPRegen 1.18/turn    (no ring)
MPRegen 0.12/turn

%: acrobat
@: about to teleport, on berserk cooldown, slowed, very slow
A: large, unfitting armour, claws 3, regeneration 1, shaggy fur 1, tough skin 1
a: Renounce Religion, Curse Item, Shatter the Chains


You were on level 11 of the Dungeon.
You worshipped Ashenzari.
Ashenzari was aware of your devotion.
You visited 1 branch of the dungeon, and saw 11 of its levels.
You also visited: Sewer.

You collected 694 gold pieces.
You spent 57 gold pieces at shops.

Inventory:

Hand Weapons
 i - a +0 spear
Missiles
 c - 3 throwing nets
 d - 8 large rocks (quivered)
 H - 6 datura-tipped darts
Armour
 a - a +0 robe
 b - a +1 hat (worn)
 D - the cursed +2 steam dragon scales "Bound Altruism" (worn) {Self, Elem}
   (You found it on level 7 of the Dungeon)

   It has a curse which improves the following skills: Introspection: Fighting
   and Spellcasting.
   Elements:  Fire Magic, Ice Magic, Air Magic and Earth Magic.
 J - an orb of light
 K - a +0 cloak
Jewellery
 k - a +6 ring of strength (left claw)
 p - the cursed amulet of Apeoromancy (around neck) {Acrobat, Self, Range}
   (You found it on level 2 of the Dungeon)

   [amulet of the acrobat]

   It increases your evasion while moving and waiting.
   It has a curse which improves the following skills: Introspection: Fighting
   and Spellcasting.
   Ranged Combat: Ranged Weapons and Throwing.
 A - a ring of wizardry
 O - a ring of poison resistance
Wands
 o - a wand of mindburst (8)
 q - a wand of flame (37)
 z - a wand of polymorph (6)
 I - a wand of roots (2)
 L - a wand of acid (3)
 M - a wand of digging (4)
 N - a wand of charming (6)
Scrolls
 g - a scroll of silence
 h - 11 scrolls of teleportation
 l - 4 scrolls of immolation
 x - a scroll of magic mapping
 y - a scroll of fog
 C - a scroll of enchant weapon
 F - 2 scrolls of identify
 G - 2 scrolls of blinking
Potions
 f - 9 potions of flight
 j - 3 potions of degeneration
 m - 4 potions of berserk rage
 r - 2 potions of attraction
 s - 7 potions of curing
 t - 3 potions of magic
 u - 3 potions of mutation
 v - a potion of haste
 w - a potion of might
 B - 2 potions of brilliance
 E - 3 potions of lignification


   Skills:
 + Level 6.3(7.5) Fighting
 - Level 1.7(2.3) Throwing
 - Level 2.4 Dodging
 * Level 17.2 Unarmed Combat


You had 10 spell levels left.
You didn't know any spells.
Your spell library contained the following spells:

 Spells                   Type           Power      Damage    Failure   Level
 Apportation              Tloc           0%         N/A       50%         1
 Necrotise                Necr           0%         1d4       50%         1
 Summon Small Mammal      Summ           0%         N/A       50%         1
 Cigotuvi's Dreadful Rot  Necr/Pois/Air  0%         N/A       65%         2
 Dazzling Flash           Conj/Hex       0%         N/A       86%         3
 Frozen Ramparts          Ice            0%         1d1       86%         3
 Ignite Poison            Fire/Tmut/Pois 0%         N/A       86%         3
 Volatile Blastmotes      Fire/Tloc      0%         2d10      86%         3
 Dispel Undead            Necr           0%         3d6       99%         4
 Ice Form                 Ice/Tmut       0%         N/A       99%         4
 Iskenderun's Mystic Bla  Conj/Tloc      0%         2d3       99%         4
 Leda's Liquefaction      Hex/Erth       0%         N/A       99%         4
 Sticky Flame             Conj/Fire      0%         2d3       99%         4
 Summon Ice Beast         Ice/Summ       0%         N/A       99%         4
 Freezing Cloud           Conj/Ice/Air   0%         6-21      100%        5
 Lee's Rapid Deconstruct  Erth           0%         3d4*      100%        5
 Death Channel            Necr           0%         N/A       100%        6
 Starburst                Conj/Fire      0%         6d3       100%        6
 Statue Form              Tmut/Erth      0%         N/A       100%        6
 Ignition                 Fire           0%         3d3       100%        8


Dungeon Overview and Level Annotations

Branches:
Dungeon (11/15)            Temple (0/1) D:6            Lair (0/5) D:8
  Sewer (visited)
    Orc: D:9-12

Altars:
Ashenzari
Cheibriados
Dithmenos
Elyvilon
Hepliaklqana
Makhleb
Okawaru
Ru
Sif Muna
Vehumet
Xom
Yredelemnul
Zin

Shops:
D:9 *

Annotations:
D:11 exclusion: statue


Innate Abilities, Weirdness & Mutations

You are too large for most types of armour.
You have claws for hands.
Your natural rate of healing is unusually fast.
You are covered in fur. (AC +1)
You have tough skin. (AC +1)


Message History

The four-headed hydra bites you but does no damage.
Okay, then.
You feel much better. The wraith barely misses you.
The four-headed hydra bites you.
* * * LOW HITPOINT WARNING * * *
The four-headed hydra completely misses you.
The four-headed hydra bites you.
* * * LOW HITPOINT WARNING * * *
The four-headed hydra bites you.
* * * LOW HITPOINT WARNING * * *
The wraith barely misses you.
Okay, then.
Okay, then.
As you read the scroll of teleportation, it crumbles to dust.
You feel strangely unstable.
The four-headed hydra closely misses you.
The four-headed hydra bites you but does no damage. x2
The four-headed hydra bites you.
* * * LOW HITPOINT WARNING * * *
The wraith hits you!
* * * LOW HITPOINT WARNING * * *
The wraith drains your vigour!
You feel as though you will be slow longer.
The four-headed hydra barely misses you.
The four-headed hydra bites you but does no damage.
The four-headed hydra bites you.
* * * LOW HITPOINT WARNING * * *
The four-headed hydra bites you!
* * * LOW HITPOINT WARNING * * *
Okay, then.
Okay, then.
Okay, then.
Okay, then.
You claw the wraith!
The wraith is moderately damaged.
The wraith hits you but does no damage. The four-headed hydra bites you.
* * * LOW HITPOINT WARNING * * *
The four-headed hydra barely misses you.
The four-headed hydra bites you.
You die...

#......## #..†..........
####..#.###..†...#....######
####..#...†............)#
##.........c.##......#
##..........##......#
#......§.W.........# .
##..#.§§c#....#....#...
#.....§#W#.............
.....###@#......##...T.
.###.. #D#.....W##.....
##.##c#)...p.T......
#§######c...#..
..§.............
..............##
..............#
.................
.#.........#...


You could see a four-headed hydra, 2 centaur warriors and a wraith.

Vanquished Creatures
  A centaur warrior (D:11)
  A death knight (D:11)
  2 two-headed ogres
  A cyclops (D:11)
  A kobold demonologist (D:10)
  A troll (D:11)
  A tarantella (shapeshifter) (D:11)
  3 hornets
  Sigmund (D:3)
  2 shadows
  3 wyverns (D:8)
  Eustachio (D:5)
  17 yaks
  A basilisk (D:8)
  4 steam dragons
  7 water moccasins
  2 sky beasts
  4 ice beasts
  An ogre (D:8)
  4 black bears
  5 centaurs
  A gnoll sergeant (D:9)
  3 bullfrogs (D:9)
  A scorpion (D:4)
  5 wights
  10 killer bees
  7 howler monkeys
  A jelly (D:5)
  5 orc priests
  A gnoll bouda (D:9)
  3 hounds
  9 iguanas
  A sleepcap (D:7)
  Ijyb (D:3)
  Natasha (thrice) (D:2 D:1)
  Terence (D:2)
  4 orc wizards
  9 gnolls
  21 adders
  5 river rats (Sewer)
  A shadow imp (D:6)
  A white imp (D:6)
  An ufetubus (D:5)
  3 worms
  4 dart slugs
  18 orcs
  4 bats
  4 endoplasms
  7 giant cockroaches
  3 goblins
  9 hobgoblins
  3 jackals (D:4)
  11 kobolds
  5 quokkas
  14 ball pythons
  2 frilled lizards (Sewer)
  8 rats
252 creatures vanquished.

Notes
Turn   | Place    | Note
-------+----------+-------------------------------------------
     0 | D:1      | Inchmeat the Troll Gladiator began the quest for the Orb.
     0 | D:1      | Reached XP level 1. HP: 19/19 MP: 0/0
   302 | D:1      | Reached XP level 2. HP: 10/28 MP: 1/1
   304 | D:1      | HP: 1/28 [gnoll/+0 spear (4)]
   715 | D:1      | Reached XP level 3. HP: 35/36 MP: 2/2
  1238 | D:2      | Noticed Terence
  1242 | D:2      | Noticed Natasha
  1248 | D:2      | Killed Terence
  1249 | D:2      | Reached XP level 4. HP: 35/45 MP: 3/3
  1397 | D:2      | Killed Natasha
  1466 | D:2      | Reached skill level 4 in Unarmed Combat
  1479 | D:2      | Noticed Natasha
  1485 | D:2      | Killed Natasha
  1486 | D:2      | Reached XP level 5. HP: 44/53 MP: 4/4
  1615 | D:2      | Noticed Natasha
  1671 | D:1      | Killed Natasha
  2192 | D:3      | Found a basalt altar of Yredelemnul.
  2293 | D:3      | Found a white marble altar of Elyvilon.
  2347 | D:3      | Noticed Sigmund
  2353 | D:3      | Killed Sigmund
  2354 | D:3      | Reached skill level 5 in Fighting
  2354 | D:3      | Reached skill level 5 in Unarmed Combat
  2354 | D:3      | Reached XP level 6. HP: 66/66 MP: 5/5
  2354 | D:3      | Noticed Ijyb
  2370 | D:3      | Killed Ijyb
  2797 | D:4      | Reached XP level 7. HP: 72/72 MP: 6/6
  2867 | D:4      | Reached skill level 6 in Unarmed Combat
  3310 | D:5      | Entered Level 5 of the Dungeon
  3401 | D:5      | Noticed Eustachio
  3413 | D:5      | Killed Eustachio
  3414 | D:5      | Reached skill level 7 in Unarmed Combat
  3791 | D:5      | Found a sacrificial altar of Ru.
  3894 | D:5      | Found a glowing drain.
  3898 | Sewer    | Entered a sewer
  3904 | Sewer    | Reached XP level 8. HP: 79/80 MP: 7/7
  3930 | Sewer    | Reached skill level 8 in Unarmed Combat
  4837 | D:5      | Reached skill level 9 in Unarmed Combat
  5298 | D:6      | Found a staircase to the Ecumenical Temple.
  5298 | D:6      | Found a shimmering altar of Xom.
  5322 | D:6      | Found a broken altar of Ashenzari.
  5441 | D:6      | Identified the +8 falchion of Yruph {spect, *Corrode rN+
                  | Will+ Stlth+}
  5456 | D:6      | Became a worshipper of Ashenzari the Shackled
  5715 | D:6      | Reached skill level 10 in Unarmed Combat
  6194 | D:7      | Reached XP level 9. HP: 81/88 MP: 8/8
  6269 | D:7      | Reached skill level 11 in Unarmed Combat
  6604 | D:7      | Paralysed by a hornet for 3 turns
  6611 | D:7      | Reached skill level 12 in Unarmed Combat
  7157 | D:8      | Found a shimmering blue altar of Sif Muna.
  7157 | D:8      | Found a burning altar of Makhleb.
  7293 | D:8      | Reached skill level 13 in Unarmed Combat
  7402 | D:8      | Reached XP level 10. HP: 89/96 MP: 9/9
  7444 | D:8      | Reached skill level 14 in Unarmed Combat
  7484 | D:8      | Found a staircase to the Lair.
  7621 | D:8      | Reached skill level 15 in Unarmed Combat
  8058 | D:9      | Found Agobluruq's General Store.
  8087 | D:9      | Bought a wand of roots (2) for 57 gold pieces
  8341 | D:9      | Reached * piety under Ashenzari
  8440 | D:9      | Found a shadowy altar of Dithmenos.
  8453 | D:9      | Found a radiant altar of Vehumet.
  8565 | D:9      | Noticed a two-headed ogre
  8571 | D:9      | Killed a two-headed ogre
  8572 | D:9      | Reached skill level 16 in Unarmed Combat
  8572 | D:9      | Reached XP level 11. HP: 105/105 MP: 10/10
  8749 | D:9      | Found an iron altar of Okawaru.
  8812 | D:10     | Entered Level 10 of the Dungeon
  8862 | D:10     | Found a hazy altar of Hepliaklqana.
  8920 | D:10     | Noticed a two-headed ogre
  8928 | D:10     | Killed a two-headed ogre
  9050 | D:10     | Found a glowing silver altar of Zin.
  9319 | D:10     | Found a snail-covered altar of Cheibriados.
  9594 | D:11     | Found a radiant altar of Vehumet.
  9895 | D:11     | Identified the +5 hand axe of Subterfuge {holy, rPois rC-
                  | Str+6 Int+3}
  9897 | D:11     | Identified the +8 rapier "Xorauzxirch" {holy, rF+ rN+}
  9905 | D:11     | Noticed a centaur warrior
  9905 | D:11     | Noticed a four-headed hydra
  9909 | D:11     | Noticed a death knight
  9911 | D:11     | Noticed a centaur warrior
  9917 | D:11     | Noticed a centaur warrior
  9930 | D:11     | Killed a death knight
  9931 | D:11     | Reached skill level 17 in Unarmed Combat
  9935 | D:11     | Killed a centaur warrior
  9942 | D:11     | HP: 4/109 [four-headed hydra (7)]
  9943 | D:11     | HP: 1/109 [four-headed hydra (4)]
  9943 | D:11     | Slain by a four-headed hydra

Illustrated notes

Levels and vault maps discovered:
D:1:      elethiomel_arrival_infinity_welcomes_careful_drivers,
          layout_loops_corners, wad_floor_pattern_1, nrook_mini_vaults
D:2:      minmay_chambers_of_ones, layout_basic, chequers_serial_rivers_room_a,
          minmay_three_crescents, uniq_terence, uniq_natasha
D:3:      layout_basic, kennysheep_ying_yang, uniq_ijyb, uniq_sigmund
D:4:      layout_gridville, minmay_misc_feat_pillars
D:5:      layout_basic, mainiacjoe_overflow_surrounded_room,
          gup_sewer_entry_bowl, uniq_eustachio
D:6:      layout_loops_corners, nicolae_ashenzari_skybound, xom_butterflies,
          minmay_temple_entry_overgrown
D:7:      layout_basic, minmay_misc_feat_alley, minmay_misc_feat_enclosed
D:8:      layout_basic, nicolae_overflow_two_pavilions, minmay_lair_entry_grove,
          grunt_ogre_cave
D:9:      layout_stronghold, jmf_multi_god_temple, kennysheep_mini_moat,
          serial_shops, nicolae_stop_n_shop_2
D:10:     layout_irregular_city, mainiacjoe_overflow_boulevard,
          general_overflow_altar, lemuel_coloured_pillars_altar,
          minmay_misc_feat_x, st_stairs_12
D:11:     minmay_cut_squares, layout_cave_pods, hiddenorc2_lemuel, serial_shops,
          shop, vehumet_statue

Skill      XL: |  1  2  3  4  5  6  7  8  9 10 11 |
---------------+----------------------------------+-----
Fighting       | 2 3 5 6 |  6.3
Unarmed Combat | 4 5 7 10 13 16 17 | 17.2
Throwing       | |  1.7
Dodging        | |  2.4

Action                     |  1- 3 |  4- 6 |  7- 9 | 10-12 || total
---------------------------+-------+-------+-------+-------++-------
  Melee: Unarmed           |    64 |   130 |   216 |   217 ||   627
         Punch             |     1 |     3 |    13 |    15 ||    32
  Throw: Throwing net      |     1 |       |       |     1 ||     2
 Invoke: Curse Item        |       |       |       |     2 ||     2
    Use: Scroll            |       |     9 |    10 |     8 ||    27
         Potion            |       |       |       |     5 ||     5
   Stab: Sleeping          |       |     1 |     4 |       ||     5
 Armour: Robe              |    15 |    42 |    29 |       ||    86
         Steam dragon scal |       |       |    22 |    82 ||   104
  Dodge: Dodged            |    38 |    83 |   106 |   192 ||   419
